 Dungeon Crawl Stone Soup version 0.19-a0-148-g706f639 (webtiles) character file.

134 DarthKuruptios the Gusty (level 4, 0/33 HPs)
             Began as a Draconian Air Elementalist on May 18, 2016.
             Killed from afar by Sigmund (5 damage)
             ... with a magic dart
             ... on level 3 of the Dungeon.
             The game lasted 00:16:06 (2857 turns).

DarthKuruptios the Gusty (DrAE)                     Turns: 2857, Time: 00:16:06

Health: 0/33       AC:  6    Str: 10    XL:     4   Next: 95%
Magic:  2/7        EV: 12    Int: 17    God:
Gold:   188        SH:  0    Dex: 11    Spells: 2 memorised, 4 levels left

rFire  . . .     SeeInvis .     j - +0 dagger
rCold  . . .     Gourm    .     (armour unavailable)
rNeg   . . .     Faith    .     (no shield)
rPois  .         Spirit   .     (helmet restricted)
rElec  .         Dismiss  .     k - +0 cloak
rCorr  .         Reflect  .     (no gloves)
SustAt .         Harm     .     (no boots)
MR     .....                    (no amulet)
Stlth  ++........               (no ring)
                                (no ring)

@: not resistant to hostile enchantments, unstealthy
A: unfitting armour, cold-blooded, AC +5
a: no special abilities


You were on level 3 of the Dungeon.
You were not hungry.

You visited 1 branch of the dungeon, and saw 3 of its levels.

You collected 188 gold pieces.

Inventory:

Hand Weapons
 j - a +0 dagger (weapon)
Armour
 k - a +0 cloak (worn)
Scrolls
 d - a scroll of teleportation
 e - a scroll of fog
 f - 3 scrolls of remove curse
 h - a scroll of amnesia
 i - a scroll of magic mapping {unknown}
Potions
 g - a potion of berserk rage {unknown}
Books
 a - a book of Air

   Spells                             Type                      Level
   a - Shock                          Conjuration/Air              1
   b - Swiftness                      Charms/Air                   2
   c - Repel Missiles                 Charms/Air                   2
   d - Static Discharge               Conjuration/Air              3
   e - Lightning Bolt                 Conjuration/Air              5
Comestibles
 b - 3 bread rations
 c - 3 chunks of flesh


   Skills:
 + Level 2.6 Dodging
 + Level 2.3 Stealth
 + Level 2.6 Spellcasting
 + Level 2.2 Conjurations
 + Level 3.9 Air Magic


You had 4 spell levels left.
You knew the following spells:

 Your Spells              Type           Power        Failure   Level  Hunger
a - Shock                 Conj/Air       ##..         6%          1    #......
b - Static Discharge      Conj/Air       ##......     17%         3    ###....


Dungeon Overview and Level Annotations

Branches:
Dungeon (3/15)

Altars:

Annotations:
D:3 Sigmund


Innate Abilities, Weirdness & Mutations

Your plain brown scales are hard (AC +5).
Your body does not fit into most forms of armour.
You are cold-blooded and may be slowed by cold attacks.


Message History

You see here a hand axe.
Casting: Shock
Confirm with . or Enter, or press ? or * to list all spells.
You don't know that spell.
Casting: Shock
Confirm with . or Enter, or press ? or * to list all spells.
You can't see any susceptible monsters within range! (Use Z to cast anyway.)
Casting: Shock
Confirm with . or Enter, or press ? or * to list all spells.
You don't know that spell.
Unknown command.
Something hits you but does no damage.
Your magical contamination has completely faded away.
Something hits you but does no damage.
Some of the chunks of flesh in your inventory have rotted away.
Something hits you!
* * * LOW HITPOINT WARNING * * *
A magic dart appears from out of thin air!
The magic dart hits you!
You die...

#...# # ##.######.###
..........#
#.######..# # #.#
#@.# #.?###.## #..#
#.......#####..######
#.####..)............
#..>.@.........#####.
######...#####.#
#.w.# .# #..... .#
#.#.### .# #.#.# (#
#.... .# ###..#


You could see a dart slug.

Vanquished Creatures
  A howler monkey (D:3)
  4 adders
  A worm (D:2)
  A dart slug (D:1)
  2 giant geckos
  4 orcs (D:3)
  2 giant cockroaches
  7 goblins
  7 hobgoblins
  7 kobolds
  2 quokkas (D:3)
  3 bats
  4 giant newts
  5 rats
50 creatures vanquished.

Notes
Turn   | Place    | Note
--------------------------------------------------------------
     0 | D:1      | DarthKuruptios the Draconian Air Elementalist began the quest for the Orb.
     0 | D:1      | Reached XP level 1. HP: 14/14 MP: 3/3
   541 | D:1      | Reached XP level 2. HP: 18/20 MP: 1/5
  1154 | D:2      | Reached XP level 3. HP: 25/26 MP: 1/6
  1204 | D:2      | Learned a level 3 spell: Static Discharge
  2272 | D:3      | Reached XP level 4. HP: 14/33 MP: 0/7
  2829 | D:3      | Noticed Sigmund
  2857 | D:3      | Killed from afar by Sigmund

Vault maps used:
D:1:      dpeg_arrival_shelter, minmay_misc_feat_chi
D:2:      minmay_misc_feat_rows
D:3:      minitemple, bh_walls_and_bars, uniq_sigmund

Skill      XL: |  1  2  3  4 |
---------------+-------------+-----
Dodging        | 2 |  2.6
Stealth        | 2 |  2.3
Conjurations   | 2 |  2.2
Spellcasting   | |  2.6
Air Magic      | |  3.9

Action                   |  1- 3 |  4- 6 || total
-------------------------+-------+-------++-------
Melee: Unarmed           |    94 |    18 ||   112
       Tailslap          |     7 |     1 ||     8
       Dagger            |       |     2 ||     2
 Cast: Shock             |    69 |    31 ||   100
       Static Discharge  |     1 |     2 ||     3
  Use: Scroll            |     8 |       ||     8
       Potion            |     3 |     2 ||     5
 Stab: Sleeping          |     1 |       ||     1
  Eat: Chunk             |     6 |     3 ||     9
Armor: Skin              |    21 |    12 ||    33
Dodge: Dodged            |    52 |    23 ||    75
